 Dungeon Crawl Stone Soup version 0.29.0-11-gd7f09526c8 (webtiles) character file.

Game seed: 7756106992915724383

361 blackman the Chopper (level 6, -1/47 HPs)
             Began as a Demonspawn Fighter on Sept 5, 2022.
             Slain by a river rat (4 damage)
             ... summoned by Eustachio
             ... on level 4 of the Dungeon.
             The game lasted 00:05:25 (3382 turns).

blackman the Chopper (Demonspawn Fighter)           Turns: 3382, Time: 00:05:25

Health: -1/47      AC:  6    Str: 18    XL:     6   Next: 38%
Magic:  0/6        EV: 13    Int:  8    God:
Gold:   130        SH:  5    Dex: 16    Spells: 5/5 levels left

rFire   + . .      SeeInvis .   a - +0 war axe
rCold   . . .      Faith    .   c - +0 buckler
rNeg    . . .      Spirit   +   b - +0 scale mail
rPois   .          Reflect  .   (no helmet)
rElec   .          Harm     .   (no cloak)
rCorr   .          Rampage  .   (no gloves)
Will    .....      Rage     3%  (no boots)
Stlth   ..........              (no amulet)
HPRegen 0.15/turn               p - +4 ring of evasion
MPRegen 0.20/turn               i - ring of protection from fire

@: attractive, hasted, very quick
A: magic shield, magic regeneration, demonic touch 2, agile 1, berserk 1
a: no special abilities


You were on level 4 of the Dungeon.
You visited 1 branch of the dungeon, and saw 4 of its levels.
You also visited: Sewer.

You collected 130 gold pieces.

Inventory:

Hand Weapons
 a - a +0 war axe (weapon)
Armour
 b - a +0 scale mail (worn)
 c - a +0 buckler (worn)
Jewellery
 g - a ring of wizardry
 i - a ring of protection from fire (right hand)
 p - a +4 ring of evasion (left hand)
Wands
 d - a wand of roots (5)
Scrolls
 j - 5 scrolls of teleportation {unknown}
 k - a scroll of poison {unknown}
 s - a scroll of brand weapon {unknown}
 t - a scroll of butterflies {unknown}
 u - 2 scrolls of amnesia {unknown}
 v - a scroll of blinking {unknown}
 w - a scroll of identify {unknown}
Potions
 e - 2 potions of degeneration {unknown}
 f - 2 potions of curing {unknown}
 h - a potion of resistance {unknown}
 l - 2 potions of attraction
 m - a potion of brilliance {unknown}
 n - a potion of berserk rage {unknown}
 o - a potion of haste
 q - a potion of mutation
 r - a potion of flight {unknown}
 x - a potion of magic {unknown}
 z - a potion of invisibility {unknown}


   Skills:
 - Level 3.0 Fighting
 + Level 6.3 Axes
 - Level 2.6 Armour
 - Level 2.6 Shields


You had 5 spell levels left.
You didn't know any spells.
Your spell library contained the following spells:

 Spells                   Type           Power      Damage    Failure   Level
 Necrotise                Necr           0%         1d4       88%         1
 Frozen Ramparts          Ice            0%         1d1       99%         3
 Inner Flame              Hex/Fire       0%         N/A       99%         3
 Vampiric Draining        Necr           0%         2d6       99%         3
 Cause Fear               Hex            0%         N/A       100%        4
 Ice Form                 Ice/Tmut       0%         N/A       100%        4
 Summon Ice Beast         Ice/Summ       0%         N/A       100%        4
 Agony                    Necr           0%         N/A       100%        5
 Discord                  Hex            0%         N/A       100%        8


Dungeon Overview and Level Annotations

Branches:
Dungeon (4/15)              Sewer (visited)
 Temple: D:4-7

Altars:
Ru
Sif Muna

Shops:
D:2 (

Annotations:
D:1 1 transporter
D:4 Eustachio


Innate Abilities, Weirdness & Mutations

When hurt, damage is shared between your health and your magic reserves.
You regenerate magic rapidly.
Your touch may inflict irresistible damage on your foes.
You are agile. (Dex +4, Str/Int -1)
You sometimes lose your temper in combat.


Message History

You completely miss the hobgoblin. You closely miss the orc.
You closely miss the rat. The hobgoblin misses you. The orc misses you.
Eustachio hits you with a +0 falchion.
* * * LOW HITPOINT WARNING * * *
The orc hits you with a +0 short sword.
* * * LOW HITPOINT WARNING * * *
You block the rat's attack.
You slash Eustachio!
Eustachio is heavily wounded.
You slash the hobgoblin!
You kill the hobgoblin!
You completely miss the orc. You closely miss the rat.
The orc closely misses you.
Eustachio mumbles some strange words.
You block the orc's attack. The rat bites you.
* * * LOW HITPOINT WARNING * * *
The orc hits you with a +0 short sword.
* * * LOW HITPOINT WARNING * * *
Eustachio mumbles some strange words.
The orc hits you but does no damage.
It was a potion of mutation.
You feel extremely strange.
You feel a little pissed off.
You feel agile. The bat hits you but does no damage.
The rat closely misses you. The orc closely misses you.
You block the orc's attack.
Eustachio mumbles some strange words.
Eustachio blinks!
It was a potion of haste.
You feel yourself speed up. The ufetubus barely misses you.
The ufetubus closely misses you. The bat closely misses you.
The rat closely misses you. The orc barely misses you.
You block the orc's attack.
Eustachio casts a spell.
Eustachio blinks!
The ufetubus hits you.
* * * LOW HITPOINT WARNING * * *
The ufetubus hits you.
* * * LOW HITPOINT WARNING * * *
It was a potion of attraction.
You feel attractive to monsters.
The hound barks!
The rat misses you. The river rat bites you.
You die...

.^# ..#
..# # ..#
.# ##..#
.>
#...##.#.#
#.#.......
#br5o..#
##@#..#..
#ro5...h.
5.#..#.##
##.#..#
#.# .# #.#
.# #@# .
#.# #.


You could see Eustachio (strong), a hound, an iron imp (summoned), a crimson imp
(summoned), a river rat (summoned), 2 orcs, an ufetubus (summoned), a bat
(summoned) and a rat (summoned).

Vanquished Creatures
  Grinder (D:3)
  Terence (D:2)
  5 adders
  2 river rats (Sewer)
  A worm (D:2)
  3 dart slugs (D:1)
  9 orcs
  4 ball pythons
  9 bats
  5 endoplasms
  2 giant cockroaches
  4 goblins
  3 hobgoblins
  A quokka (D:3)
  8 frilled lizards
  10 kobolds
  18 rats
86 creatures vanquished.

Notes
Turn   | Place    | Note
-------+----------+-------------------------------------------
     0 | D:1      | blackman the Demonspawn Fighter began the quest for the
                  | Orb.
     0 | D:1      | Reached XP level 1. HP: 18/18 MP: 1/1
    14 | D:1      | Reached skill level 2 in Axes
    31 | D:1      | Gained mutation: Your touch may inflict minor irresistible
                  | damage on your foes. [demonic ancestry]
    31 | D:1      | Reached XP level 2. HP: 14/21 MP: 2/2
   617 | D:1      | Found a faded altar of an unknown god.
   621 | D:1      | Reached skill level 3 in Axes
   762 | D:1      | Gained mutation: Your touch may inflict irresistible damage
                  | on your foes. [demonic ancestry]
   762 | D:1      | Reached XP level 3. HP: 26/29 MP: 3/3
   903 | D:1      | Prayed at the altar of an unknown god.
   903 | D:1      | Became a worshipper of Ru the Awakened
   904 | D:1      | Fell from the grace of Ru
  1052 | D:2      | Found a shimmering blue altar of Sif Muna.
  1073 | D:2      | Noticed Terence
  1079 | D:2      | Killed Terence
  1353 | D:2      | Found Janoijap's Weapon Shop.
  1576 | D:3      | Gained mutation: You regenerate magic rapidly. [demonic
                  | ancestry]
  1576 | D:3      | Reached XP level 4. HP: 35/35 MP: 4/4
  1602 | D:3      | Reached skill level 4 in Axes
  1775 | D:3      | Found a glowing drain.
  1784 | Sewer    | Entered a sewer
  1939 | Sewer    | Gained mutation: When hurt, damage is shared between your
                  | health and your magic reserves. [demonic ancestry]
  1939 | Sewer    | Reached XP level 5. HP: 25/41 MP: 5/5
  2429 | D:3      | Reached skill level 5 in Axes
  2499 | D:3      | Noticed Grinder
  2505 | D:3      | Killed Grinder
  2506 | D:3      | Reached skill level 6 in Axes
  2506 | D:3      | Reached XP level 6. HP: 24/47 MP: 1/6
  3371 | D:4      | Noticed Eustachio
  3380 | D:4      | Gained mutation: You sometimes lose your temper in combat.
                  | [potion of mutation]
  3380 | D:4      | Gained mutation: You are agile. (Dex +4, Str/Int -1)
                  | [potion of mutation]
  3382 | D:4      | Slain by a river rat

Illustrated notes

Levels and vault maps discovered:
D:1:      spicycebolla_arrival_risky_transporter, layout_rooms,
          hellmonk_ecumenical_altar_heavens_door
D:2:      layout_basic, serial_shops, nicolae_shop_bloodbath_and_beyond,
          basic_altar, uniq_terence
D:3:      layout_basic, portal_sewer_entry_d, serial_aquarium,
          aquarium_bridge_straight [aquarium_subvault_bridge,
          aquarium_subvault_balcony, aquarium_subvault_bridge,
          aquarium_subvault_window], aquarium_window_corner, aquarium_window_3,
          aquarium_window_1, aquarium_window_corner, aquarium_view_2e,
          aquarium_view_2g, aquarium_balcony_double_1, aquarium_pool_2,
          kennysheep_generic_room_10, uniq_grinder
D:4:      layout_loops_ring, minmay_temple_entry_mini_moons,
          ebering_ghost_rock_garden, serial_park_tiny_pond, uniq_eustachio,
          uniq_natasha

Skill      XL: |  1  2  3  4  5 |
---------------+----------------+-----
Axes           | 2 3 4 6 |  6.3
Fighting       | |  3.0
Armour         | |  2.6
Shields        | |  2.6

Action                   |  1- 3 |  4- 6 || total
-------------------------+-------+-------++-------
Melee: War axe           |   106 |   134 ||   240
Invok: Renounce Religion |     1 |       ||     1
  Use: Potion            |       |     4 ||     4
Armor: Scale mail        |    53 |    41 ||    94
Dodge: Dodged            |    58 |    99 ||   157
Block: Buckler           |    19 |    29 ||    48
